 Dungeon Crawl Stone Soup version 0.29.1-1-gd02db6906a (webtiles) character file.

Game seed: 9628516269119851845

85 Ashen the Magician (level 4, -1/32 HPs)
             Began as a Demonspawn Hedge Wizard on Oct 8, 2022.
             Killed from afar by an orc wizard (6 damage)
             ... with a magic dart
             ... on level 3 of the Dungeon.
             The game lasted 00:07:05 (3764 turns).

Ashen the Magician (Demonspawn Hedge Wizard)        Turns: 3764, Time: 00:07:07

Health: -1/32      AC:  3    Str: 10    XL:     4   Next: 25%
Magic:  1/8        EV: 12    Int: 17    God:
Gold:   103        SH:  0    Dex: 13    Spells: 1/9 levels left

rFire   . . .      SeeInvis .   u - +0 scimitar
rCold   . . .      Faith    .   (no shield)
rNeg    . . .      Spirit   .   b - +0 robe
rPois   .          Reflect  .   c - +0 hat
rElec   .          Harm     .   l - scarf {+Inv}
rCorr   .          Rampage  .   g - +0 pair of gloves
Will    .....                   (no boots)
Stlth   ++........              (no amulet)
HPRegen 0.10/turn               (no ring)
MPRegen 0.11/turn               (no ring)

@: no status effects
A: antennae 2
a: Evoke Invisibility


You were on level 3 of the Dungeon.
You visited 1 branch of the dungeon, and saw 3 of its levels.

You collected 103 gold pieces.

Inventory:

Hand Weapons
 a - a +0 dagger
 u - a +0 scimitar (weapon)
Armour
 b - a +0 robe (worn)
 c - a +0 hat (worn)
 g - a +0 pair of gloves (worn)
 l - a scarf of invisibility (worn)
 v - the +1 ring mail of Boredom {Fly rN++ Slay+2}
   (You found it on level 3 of the Dungeon)

   Slay:      It affects your accuracy & damage with ranged weapons and melee
   (+2).
   rN:        It greatly protects you from negative energy.
   Fly:       It grants you flight.
Scrolls
 e - 3 scrolls of fear {unknown}
 f - 4 scrolls of teleportation {unknown}
 i - 6 scrolls of identify {unknown}
 m - a scroll of butterflies {unknown}
 o - a scroll of enchant weapon {unknown}
 p - 2 scrolls of enchant armour {unknown}
 r - a scroll of noise {unknown}
 s - a scroll of blinking {unknown}
 t - a scroll of poison {unknown}
Potions
 d - a potion of magic
 h - a potion of curing {unknown}
 j - 2 potions of resistance {unknown}
 k - 2 potions of attraction
 n - a potion of brilliance
 q - 3 potions of flight {unknown}


   Skills:
 + Level 1.0 Fighting
 + Level 2.1 Dodging
 + Level 2.2 Stealth
 + Level 3.3 Spellcasting
 + Level 2.0 Conjurations
 + Level 1.7 Summonings
 + Level 1.3 Translocations
 + Level 0.3 Air Magic


You had one spell level left.
You knew the following spells:

 Your Spells              Type           Power      Damage    Failure   Level
a - Magic Dart            Conj           36%        1d4       8%          1
b - Call Imp              Summ           8%         N/A       12%         2
c - Blink                 Tloc           14%        N/A       14%         2
d - Mephitic Cloud        Conj/Pois/Air  5%         N/A       36%         3

Your spell library contained the following spells:

 Spells                   Type           Power      Damage    Failure   Level
 Slow                     Hex            8%         N/A       17%         1
 Conjure Flame            Conj/Fire      6%         6-21      32%         3


Dungeon Overview and Level Annotations

Branches:
Dungeon (3/15)

Altars:
Gozag


Innate Abilities, Weirdness & Mutations

You have a pair of antennae on your head.


Message History

Your magical contamination has completely faded away.
You hit the orc wizard.
The orc wizard is severely wounded.
The orc wizard hits you with a +0 dagger.
You hit the orc wizard.
The orc wizard is almost dead.
The orc wizard casts a spell at you. You resist with some effort.
The orc wizard hits you with a +0 dagger.
You closely miss the orc wizard.
The orc wizard is almost dead.
The orc wizard mumbles some strange words.
The orc wizard flickers and vanishes!
Deactivating autopickup; reactivate with Ctrl-A.
You barely miss something.
You hear some strange, mumbled words.
Something tries to affect you, but you resist.
Something hits you.
Casting: Mephitic Cloud (quite dangerous; 36% risk of failure)
Confirm with . or Enter, or press ? or * to list all spells.
Okay, then.
Unknown command.
Casting: Mephitic Cloud (quite dangerous; 36% risk of failure)
Confirm with . or Enter, or press ? or * to list all spells.
Aiming: Magic Dart (safe; 8% risk of failure)
Press: ? - help, Shift-Dir - straight line The magic dart hits something.
You hear some strange, mumbled words.
A puff of flame appears from out of thin air!
The puff of flame hits you!
* * * LOW HITPOINT WARNING * * *
Casting: Magic Dart (safe; 8% risk of failure)
Confirm with . or Enter, or press ? or * to list all spells.
Aiming: Magic Dart (safe; 8% risk of failure)
Press: ? - help, Shift-Dir - straight line The magic dart hits something but does no damage.
You hear some strange, mumbled words.
A magic dart appears from out of thin air!
The magic dart hits you.
You die...

##########
#~~~~~~~~#
#~......~#
###~.8♣♣..~#
#.'..♣[.♣.~#
#.'..♣..♣.~#####
#.#~..♣♣8.~#...#
#@#~....).~#...#
#{#~~~~~~~~#...#
#.##########...###
#...{### #.......
####...# #....###
###.# #....# #.#
#....#
#.####.######
#..##..# #..


There were no monsters in sight!

Vanquished Creatures
  An adder (D:2)
  A worm (D:3)
  A dart slug (D:2)
  2 orcs
  2 ball pythons
  4 endoplasms
  2 giant cockroaches
  8 goblins
  4 hobgoblins
  4 kobolds (D:1)
  3 quokkas
  4 bats
  8 frilled lizards
  5 rats
49 creatures vanquished.

Vanquished Creatures (collateral kills)
  An adder (D:2)
  A worm (D:2)
  An orc (D:3)
  A goblin (D:2)
  A bat (D:2)
5 creatures vanquished.

Grand Total: 54 creatures vanquished

Notes
Turn   | Place    | Note
-------+----------+-------------------------------------------
     0 | D:1      | Ashen the Demonspawn Hedge Wizard began the quest for the
                  | Orb.
     0 | D:1      | Reached XP level 1. HP: 13/13 MP: 4/4
   282 | D:1      | Reached skill level 1 in Translocations
   552 | D:1      | Gained mutation: You have a pair of small antennae on your
                  | head. [demonic ancestry]
   552 | D:1      | Reached XP level 2. HP: 19/19 MP: 3/6
   596 | D:1      | Found a faded altar of an unknown god.
  1625 | D:2      | Gained mutation: You have a pair of antennae on your head.
                  | [demonic ancestry]
  1625 | D:2      | Reached XP level 3. HP: 25/25 MP: 7/7
  1731 | D:2      | Learned a level 2 spell: Call Imp
  1734 | D:2      | Learned a level 2 spell: Blink
  1738 | D:2      | Learned a level 3 spell: Mephitic Cloud
  2613 | D:2      | Found an opulent altar of Gozag.
  2957 | D:2      | Reached XP level 4. HP: 17/31 MP: 4/8
  3683 | D:3      | Identified the +1 ring mail of Boredom {Fly rN++ Slay+2}
  3691 | D:3      | Reached skill level 1 in Fighting
  3764 | D:3      | Killed from afar by an orc wizard

Illustrated notes

Levels and vault maps discovered:
D:1:      amcnicky_arrival_gap_in_the_tavern_cellar, layout_rooms,
          chequers_ecumenical_altar_lobes
D:2:      layout_loops_ring, basic_altar, grunt_ministairs_14, st_stairs_4
D:3:      layout_rooms, kennysheep_generic_room_7

Skill      XL: |  1  2  3  4 |
---------------+-------------+-----
Translocations | 1 |  1.3
Stealth        | 2 |  2.2
Dodging        | 2 |  2.1
Fighting       | 1 |  1.0
Conjurations   | 2 |  2.0
Spellcasting   | |  3.3
Summonings     | |  1.7
Air Magic      | |  0.3

Action                   |  1- 3 |  4- 6 || total
-------------------------+-------+-------++-------
Melee: Dagger            |    85 |    18 ||   103
       Punch             |     1 |       ||     1
       Scimitar          |       |    18 ||    18
 Cast: Magic Dart        |    63 |    11 ||    74
       Call Imp          |     2 |     1 ||     3
  Use: Potion            |     2 |       ||     2
 Stab: Sleeping          |     4 |       ||     4
Armor: Robe              |    30 |     6 ||    36
Dodge: Dodged            |    63 |    14 ||    77
